Description

TvP Stim Timing Attack. The other one is missing the times.

Build Order

Get SALT Encoding   

  12  0:00  SCV  
  13  0:13  SCV  
  14  0:17  Supply Depot  
  14  0:25  SCV  
  15  0:38  SCV  
  16  0:40  Barracks, Refinery  
  16  0:50  SCV  
  17  1:02  SCV  
  18  1:14  SCV  
  19  1:27  Orbital Command, Reaper  
  20  1:40  Command Center  
  20  1:50  Supply Depot  
  20  1:51  SCV  
  21  2:00  Barracks Reactor  
  22  2:09  Barracks  
  23  2:19  Barracks  
  25  2:43  Bunker, Marine  
Spawning Tool Build Advisor. Get it on Overwolf

Go to:

Details

  • Created by: bitfury
  • Published on: Apr 04, 2017
  • Modified on: Apr 04, 2017
  • Patch: 3.8.0
Show
View Real Time Build Order
Export as new Build Order

Comments (1)

On April 9, 2017, 3:14 a.m., getitdunn  said:

This is missing a lot of info? Doesn't even list the tech lab that would be required for researching Stimpack

Create an account to comment!